 Dungeon Crawl Stone Soup version 0.22-a0-307-g2b15929 (webtiles) character file.

424 mortelune the Grave Robber (level 6, -5/49 HPs)
             Began as a Deep Dwarf Necromancer on Apr 1, 2018.
             Killed from afar by an orc wizard (6 damage)
             ... with a magic dart
             ... on level 3 of the Dungeon.
             The game lasted 00:13:12 (4556 turns).

mortelune the Grave Robber (Deep Dwarf Necromancer) Turns: 4556, Time: 00:13:12

Health: -5/49      AC:  4    Str: 21    XL:     6   Next: 64%
Magic:  9/11       EV: 14    Int: 17    God:
Gold:   183        SH:  0    Dex: 13    Spells: 3/12 levels left

rFire    . . .     SeeInvis .   d - +1 mace
rCold    . . .     Gourm    .   (no shield)
rNeg     . . .     Faith    .   o - +2 robe {MR+}
rPois    .         Spirit   .   (no helmet)
rElec    .         Reflect  .   (no cloak)
rCorr    .         Harm     .   (no gloves)
MR       +....                  (no boots)
Stlth    ++........             (no amulet)
HPRegen  0.00/turn              p - +6 ring of strength
MPRegen  0.12/turn              m - +3 ring of strength

@: non-regenerating
A: damage resistance, heal wounds, sense surroundings 1, no regeneration
a: Heal Wounds


You were on level 3 of the Dungeon.
You were hungry.

You visited 1 branch of the dungeon, and saw 4 of its levels.

You collected 183 gold pieces.

Inventory:

Hand Weapons
 d - a +1 mace (weapon)
Armour
 o - a +2 robe of magic resistance (worn)
Jewellery
 g - an uncursed ring of positive energy
 m - a +3 ring of strength (right hand)
 p - a +6 ring of strength (left hand)
 r - an uncursed ring of poison resistance {unknown}
Scrolls
 a - a scroll of magic mapping {unknown}
 f - 2 scrolls of remove curse
 h - 2 scrolls of enchant weapon
 j - 2 scrolls of teleportation
 q - 2 scrolls of blinking
Potions
 b - a potion of curing {unknown}
 e - a potion of heal wounds
 i - 3 potions of degeneration {unknown}
 k - a potion of brilliance {unknown}
 l - a potion of might {unknown}
 n - a potion of cancellation {unknown}
Comestibles
 c - 8 rations


   Skills:
 + Level 4.9 Dodging
 - Level 2.4 Stealth
 + Level 3.7 Spellcasting
 + Level 6.2 Necromancy


You had 3 spell levels left.
You knew the following spells:

 Your Spells              Type           Power        Failure   Level  Hunger
a - Pain                  Necr           ###.         1%          1    None
b - Animate Skeleton      Necr           N/A          1%          1    None
c - Vampiric Draining     Necr           ###.......   3%          3    ###....
d - Animate Dead          Necr           N/A          13%         4    ####...


Dungeon Overview and Level Annotations

Branches:
Dungeon (4/15)
 Temple: D:4-7

Altars:
Hepliaklqana

Portals:
Ossuary: D:4


Innate Abilities, Weirdness & Mutations

You are resistant to damage.
You can heal yourself by infusing magical energy.
You passively map a small area around you.
You do not regenerate.


Message History

There is a stone staircase leading down here.
You miss something. Something completely misses you.
You miss something. Something hits you but does no damage.
You hear some strange, mumbled words.
A magic dart appears from out of thin air!
The magic dart hits you!
You hit something but do no damage. Something barely misses you.
Something hits you but does no damage.
You miss something.
You hear some strange, mumbled words.
A puff of frost appears from out of thin air!
The puff of frost hits you!
* * * LOW HITPOINT WARNING * * *
Something hits you.
* * * LOW HITPOINT WARNING * * *
You fail to use your ability.
Something hits you but does no damage.
You hear some strange, mumbled words.
A magic dart appears from out of thin air!
The magic dart hits you!
You die...

#.# #.###.............#
#.###.# ##.############
#.)...# #.# ####### #.# #.#
#.# #(# ####.######
#..@......# ###
#.##{####.#######
########.####.##..[.........#
##.......#.........###.#####.#
#.........####.#...###.# #.#
#..##.....# #......##.# #.#
#..##.###.# #.........#
###.#### #..##.###.#
####.###### #.......
#.........# #.# #.#.###.


There were no monsters in sight!

Vanquished Creatures
  A bullfrog (D:3)
  A bullfrog skeleton (D:4)
  3 orc priests (D:3)
  Jessica (D:2)
  An iguana (D:4)
  Natasha (twice) (D:2)
  A worker ant (D:4)
  3 adders
  5 worms
  5 dart slugs
  3 leopard geckos
  7 orcs (D:3)
  2 ball pythons
  4 giant cockroaches
  4 goblins
  3 hobgoblins
  11 jackals
  5 bats
  5 frilled lizards
  6 kobolds
  8 rats
81 creatures vanquished.

Vanquished Creatures (collateral kills)
  A hobgoblin (D:1)
  A kobold (D:1)
2 creatures vanquished.

Grand Total: 83 creatures vanquished

Notes
Turn   | Place    | Note
-------+----------+-------------------------------------------
     0 | D:1      | mortelune the Deep Dwarf Necromancer began the quest for the Orb.
     0 | D:1      | Reached XP level 1. HP: 15/15 MP: 3/3
     2 | D:1      | Learned a level 1 spell: Animate Skeleton
   137 | D:1      | Reached XP level 2. HP: 7/22 MP: 3/5
   707 | D:1      | Reached XP level 3. HP: 9/28 MP: 0/6
   712 | D:1      | Learned a level 3 spell: Vampiric Draining
  1104 | D:2      | Noticed Natasha
  1342 | D:2      | Noticed Jessica
  1411 | D:2      | Killed Jessica
  1411 | D:2      | Reached skill level 5 in Necromancy
  1450 | D:2      | Found a hazy altar of Hepliaklqana.
  1503 | D:2      | Killed Natasha
  1503 | D:2      | Reached XP level 4. HP: 23/36 MP: 1/7
  1582 | D:2      | Noticed Natasha
  1599 | D:2      | Killed Natasha
  2416 | D:3      | Reached XP level 5. HP: 35/42 MP: 3/9
  2773 | D:3      | Learned a level 4 spell: Animate Dead
  3008 | D:3      | Reached XP level 6. HP: 45/49 MP: 1/11
  4083 | D:3      | Reached skill level 6 in Necromancy
  4340 | D:4      | Found a sand-covered staircase.
  4555 | D:3      | HP: 1/49 [something (4)]
  4556 | D:3      | Killed from afar by an orc wizard

Vault maps used:
D:1:      lemuel_arrival_broad_hall, serial_bayou_pond_e
D:2:      old_standard_altar, uniq_jessica, uniq_natasha
D:3:      serial_glass, glass_columns_a, glass_columns_a, first_ration
D:4:      minmay_temple_entry_grid, gup_ossuary_entry_pyramid, serial_shops,
          nicolae_shop_waterfront

Skill      XL: |  1  2  3  4  5  6 |
---------------+-------------------+-----
Spellcasting   | 2 3 |  3.7
Dodging        | 3 4 |  4.9
Necromancy     | 5 6 |  6.2
Stealth        | |  2.4

Action                   |  1- 3 |  4- 6 || total
-------------------------+-------+-------++-------
Melee: Unarmed           |    29 |       ||    29
       Mace              |     3 |    27 ||    30
 Cast: Pain              |    55 |    73 ||   128
       Animate Skeleton  |     4 |     8 ||    12
       Vampiric Draining |     5 |    33 ||    38
       Animate Dead      |       |     7 ||     7
 Abil: Heal Wounds       |       |     1 ||     1
  Use: Scroll            |     1 |     4 ||     5
       Potion            |       |     1 ||     1
  Eat: Chunk             |     3 |    11 ||    14
       Ration            |       |     1 ||     1
Armor: Robe              |    13 |    18 ||    31
Dodge: Dodged            |    39 |    39 ||    78

Table legend:
 A = Spawn XP
 B = Non-spawn XP
 C = Spawn XP percentage of total XP
 D = Spawn monster count
 E = Non-spawn monster count
 F = Spawn count percentage of total count
 G = Total turns spent on level
                    A         B        C        D         E        F      G
               +---------+---------+-------+---------+---------+-------+---------
         Total |       0 |     606 |   0.0 |       0 |      83 |   0.0 |  4556
               +---------+---------+-------+---------+---------+-------+---------
           D:1 |       0 |      48 |   0.0 |       0 |      29 |   0.0 |  1172
           D:2 |       0 |     132 |   0.0 |       0 |      14 |   0.0 |  1109
           D:3 |       0 |     299 |   0.0 |       0 |      35 |   0.0 |  2075
           D:4 |       0 |     127 |   0.0 |       0 |       5 |   0.0 |   200
               +---------+---------+-------+---------+---------+-------+---------
